 Dungeon Crawl Stone Soup version 0.30.1-9-gdf580d7c3d (webtiles) character file.

Game seed: 7316969257873912112

531898 SPRINGBREAK the Executioner (level 24, -1/357 HPs)
             Began as a Minotaur Berserker on Oct 1, 2023.
             Was the Champion of Trog.
             Slain by a tentacled monstrosity (12 damage)
             ... on level 2 of the Realm of Zot.
             The game lasted 01:57:04 (67678 turns).

SPRINGBREAK the Executioner (Minotaur Berserker)   Turns: 67678, Time: 01:57:04

Health: -1/357     AC: 38    Str: 35    XL:     24   Next: 45%
Magic:  17/17      EV: 20    Int: 10    God:    Trog [******]
Gold:   4062       SH:  0    Dex:  7    Spells: 23/23 levels left

rFire   + + .        O - +9 executioner's axe of Puqoont {heavy, rPois rN+++ Dex-4}
rCold   + + +        (shield currently unavailable)
rNeg    + + +        T - +4 gold dragon scales
rPois   +            y - +0 hat {Will+}
rElec   .            i - +2 cloak
rCorr   .            Z - +2 pair of gloves of Ybocrac {Will+++}
SInv    .            u - +3 pair of mountain boots {steadfast, rC+}
Will    +++++        X - amulet "Sacs" {rF+ Regen+} Stlth
                     e - ring "Tutohiux" {rC+ Str+2 Int+6}
HPRegen 2.59/turn    j - ring of the Hare {EV+10}
MPRegen 0.15/turn

%: no passive effects
@: berserking, strong-willed, corroded, regenerating, constricted, studying 2
skills, very quick
A: horns 2, retaliatory headbutt, low MP 2
}: 3/15 runes: serpentine, barnacled, silver
a: Renounce Religion, Berserk, Trog's Hand, Brothers in Arms


You were on level 2 of the Realm of Zot.
You worshipped Trog.
Trog was exalted by your worship.
You visited 9 branches of the dungeon, and saw 44 of its levels.
You visited 1 bazaar.
You also visited: Gauntlet.

You collected 7368 gold pieces.
You spent 3306 gold pieces at shops.

Inventory:

Hand Weapons
 O - the +9 executioner's axe of Puqoont (weapon) {heavy, rPois rN+++ Dex-4}
   (Trog gifted it to you on level 4 of the Lair of Beasts)

   Dex:       It affects your dexterity (-4).
   rPois:     It protects you from poison.
   rN:        It renders you almost immune to negative energy.
Missiles
 Q - 8 throwing nets (quivered)
Armour
 i - a +2 cloak (worn)
 u - the +3 pair of mountain boots (worn) {steadfast, rC+}
   (You bought it in a shop on level 2 of the Vaults)

   Steadfast: It prevents involuntary movement, except for blinking,
   teleportation, or banishment.
   rC:        It protects you from cold.
 y - a +0 hat of willpower (worn)
 T - +4 gold dragon scales (worn)
 Z - the +2 pair of gloves of Ybocrac (worn) {Will+++}
   (You found it on level 3 of the Snake Pit)

   Will:      It greatly increases your willpower.
Jewellery
 e - the ring "Tutohiux" (left hand) {rC+ Str+2 Int+6}
   (You found it on level 3 of the Elven Halls)

   [ring of intelligence]

   Str:       It affects your strength (+2).
   Int:       It affects your intelligence (+6).
   rC:        It protects you from cold.
 j - the ring of the Hare (right hand) {EV+10}
   (You found it on level 2 of the Shoals)

   [ring of evasion]

   EV:        It affects your evasion (+10).
 X - the amulet "Sacs" (around neck) {rF+ Regen+}
   (You bought it in a shop on level 1 of the Snake Pit)

   [amulet of regeneration]

   rF:        It protects you from fire.
   Regen:     It increases your rate of health regeneration.
Wands
 b - a wand of paralysis (53)
 f - a wand of polymorph (54)
 l - a wand of digging (14)
 v - a wand of roots (17)
 D - a wand of flame (81)
 J - a wand of acid (14)
 N - a wand of mindburst (38)
Scrolls
 c - 4 scrolls of immolation
 d - a scroll of blinking
 h - 8 scrolls of magic mapping
 m - a scroll of enchant armour
 o - 9 scrolls of enchant weapon
 q - a scroll of silence
 r - 9 scrolls of poison
 s - 2 scrolls of brand weapon
 t - 6 scrolls of fog
 x - 3 scrolls of torment
 B - 12 scrolls of teleportation
 C - 2 scrolls of butterflies
 K - 8 scrolls of fear
 P - 17 scrolls of identify
Potions
 a - a potion of ambrosia
 g - 8 potions of flight
 n - 15 potions of attraction
 p - 5 potions of haste
 w - 19 potions of curing
 z - 7 potions of resistance
 A - 7 potions of mutation
 E - 2 potions of cancellation
 F - 9 potions of might
 G - 4 potions of invisibility
 I - 2 potions of heal wounds
 M - 8 potions of lignification
 R - 3 potions of berserk rage
Miscellaneous
 k - a tin of tremorstones (2/2)
 S - a phial of floods
 U - a phantom mirror
 V - a piece from Xom's chessboard (15/15)


   Skills:
 * Level 24.2 Fighting
 * Level 26.4 Axes
 * Level 24.6 Armour
 * Level 24.2 Dodging
 + Level 13.8 Stealth
 - Level 3.0 Shields
 * Level 14.0 Evocations


You had 23 spell levels left.
You didn't know any spells.
Your spell library was empty.

Dungeon Overview and Level Annotations

Branches:
Dungeon (15/15)            Temple (0/1) D:6            Lair (5/5) D:8
 Shoals (4/4) Lair:2        Snake (4/4) Lair:3        Slime (0/5) Lair:5
    Orc (2/2) D:9             Elf (3/3) Orc:2        Vaults (5/5) D:13
  Crypt (0/3) Vaults:3     Depths (4/4) D:15            Zot (2/5) Depths:4
Gauntlet (visited)

Altars:
Ashenzari
Cheibriados
Elyvilon
Fedhas
Gozag
Makhleb
Okawaru
Ru
Trog
Uskayaw
Vehumet
Wu Jian
Xom
Jiyva

Shops:
D:3 :   D:9 *   D:13 *   Orc:2 ![=[**   Elf:1 [   Shoals:2 =   Snake:1 =:=
Vaults:2 [:!   Vaults:4 *

Portals:
Hell: Lair:5 Depths:1 Depths:2 Depths:3 Depths:4
Abyss: Depths:2 Depths:3
Pandemonium: Depths:2 Depths:3
Ziggurat: Depths:3
Trove: D:15 (give 13 potions of heal wounds)

Annotations:
Lair:2 1 runed translucent door, Rupert
Depths:1 3 transporters


Innate Abilities, Weirdness & Mutations

You have a pair of horns on your head.
You reflexively headbutt those who attack you in melee.
Your magical capacity is very low. (-20% MP)


Message History

The tentacled monstrosity tentacle-slaps you!
* * * LOW HITPOINT WARNING * * *
The tentacled monstrosity tentacle-slaps you but does no damage. x2
The tentacled monstrosity constricts you.
* * * LOW HITPOINT WARNING * * *
The moth of wrath goads the golden dragon on!
The golden dragon goes berserk!
You hit the dread lich.
The dread lich is lightly damaged.
You slice the golden dragon!!
You chop the tentacled monstrosity into pieces!!!
You slice the Hell Sentinel!!
You kill the Hell Sentinel!
The Hell Sentinel disappears in a puff of smoke!
You are engulfed in blazing flames.
You resist.
* * * LOW HITPOINT WARNING * * *
The golden dragon rages.
The red draconian hits you but does no damage.
The golden dragon misses you.
The golden dragon completely misses you.
The golden dragon tramples you but does no damage.
The dread lich touches you but does no damage.
The yellow draconian hits you from afar with a +1 trident of protection.
* * * LOW HITPOINT WARNING * * *
The yellow draconian annihilator casts a spell.
The yellow draconian annihilator blinks!
The tentacled monstrosity tentacle-slaps you but does no damage. x3
The tentacled monstrosity constricts you.
The red draconian hits you from afar with a +0 halberd!
* * * LOW HITPOINT WARNING * * *
You cut the dread lich into ribbons!!!!
You headbutt the dread lich, but do no damage.
The dread lich is almost destroyed.
You cut the moth of wrath into ribbons!!!
You slice the golden dragon!! You slice the tentacled monstrosity!!
You are engulfed in blazing flames.
You resist.
The tentacled monstrosity tentacle-slaps you.
* * * LOW HITPOINT WARNING * * *
The tentacled monstrosity tentacle-slaps you!
You die...

.....⌠.
.....#.#.....#
.......
.......####.##
...⌠.. ###..(.#
.# ...q.. ....#
. ##...## ....#
. ##.....##d.#
#......zd..#
#..q..XL####
+.....y@#
##.....#DD....#
##...##dD...##
#### ...###
..#y. ..#...
... ... ... #.


You could see a tentacled monstrosity (berserk), 2 golden dragons, a dread lich,
a yellow draconian, a green draconian, a red draconian (berserk), a death cob, a
quicksilver dragon, 2 draconians and 2 moths of wrath.

Vanquished Creatures
  2 dread liches (Vaults:5)
  An ancient lich (Vaults:5)
  Sojobo (Depths:4)
  Vv (Zot:1)
  Saint Roka (Vaults:1)
  Xtahua (Vaults:4)
  3 golden dragons
  Jory (Depths:4)
  the Enchantress (Depths:4)
  The ghost of Loveship the Conqueror, an adept MfFi of the Shining One (Elf:2)
  A bone dragon (Depths:4)
  A hellephant (Depths:2)
  4 tentacled monstrosities
  Zenata (Elf:1)
  Jorgrun (Snake:1)
  A lich (Vaults:5)
  2 deep elf master archers (Elf:3)
  5 titans
  Asterion (Elf:1)
  2 deep elf blademasters
  3 death cobs (Zot:1)
  5 quicksilver dragons
  Polyphemus (Shoals:2)
  A kraken (Shoals:3)
  3 sphinxes
  Agnes (D:14)
  Frances (Shoals:2)
  Kirke (Snake:1)
  6 shadow dragons
  9 tengu reavers
  7 draconian monks (Zot:1)
  3 storm dragons
  Roxanne (Elf:2)
  9 fire giants
  2 draconian knights (Zot:1)
  11 nagarajas
  9 deep elf sorcerers
  6 frost giants
  Louise (Snake:1)
  A ghost moth (Zot:1)
  2 draconian scorchers (Zot:1)
  13 vault wardens
  2 draconian shifters (Zot:1)
  4 orc warlords
  A balrug (Depths:2)
  Aizul (Lair:3)
  6 spriggan defenders
  4 draconian stormcallers (Zot:1)
  3 deep elf elementalists
  7 draconian annihilators
  20 ironbound preservers
  3 war gargoyles (Vaults:5)
  A vampire knight (Depths:3)
  20 stone giants
  7 ironbound thunderhulks
  7 deep elf demonologists (Elf:3)
  8 green draconians
  28 very ugly things
  Nessos (Lair:4)
  3 yellow draconians
  8 black draconians (Zot:1)
  Azrael (Elf:1)
  13 deep elf annihilators
  4 minotaurs
  20 dire elephants
  6 purple draconians (Zot:1)
  4 red draconians
  4 spark wasps (Depths:3)
  7 white draconians (Zot:1)
  A blizzard demon (Depths:2)
  10 ettins
  6 deep elf death magi
  21 yaktaur captains
  2 crystal guardians (Vaults:2)
  4 merfolk javelineers
  6 deep elf high priests
  4 fire dragons
  5 merfolk impalers
  4 entropy weavers (D:13)
  The ghost of gohan83 the Protected, a journeyman MiBe of Trog (D:10)
  A great orb of eyes (D:15)
  The ghost of MrPagan1517 the Severer, a journeyman HOFi of Beogh (Orc:2)
  Harold (Lair:1)
  Fannar (Orc:1)
  3 rakshasas
  Erolcha (D:14)
  A peacekeeper (Vaults:2)
  10 ice dragons
  33 vault guards
  4 spriggan air magi (Depths:4)
  A death knight (D:15)
  8 hydras
  6 salamander tyrants
  4 boulder beetles
  4 merfolk avatars
  6 ogre magi
  3 ghost crabs (D:13)
  2 catoblepae
  An anaconda (shapeshifter) (Vaults:5)
  15 centaur warriors
  24 two-headed ogres
  5 ironbound frosthearts
  9 anacondas
  2 alligator snapping turtles (Shoals:4)
  11 satyrs
  2 merfolk aquamancers (Shoals:3)
  18 dancing weapons
  10 death yaks
  A death scarab (Depths:2)
  3 deep troll shamans
  11 naga warriors
  2 deep troll earth magi
  8 tengu warriors
  3 hell hogs (Depths:2)
  7 shock serpents
  15 naga sharpshooters
  5 soul eaters (Depths:2)
  2 spriggan berserkers (Depths:4)
  Sonja (Lair:2)
  2 iron trolls
  5 salamander mystics
  Urug (Lair:1)
  21 deep elf knights
  Nergalle (Lair:2)
  13 hell knights
  5 fire crabs (D:13)
  7 skysharks
  2 sun demons (Depths:2)
  3 skeletal warriors (D:14)
  2 sixfirhies
  Lodul (D:14)
  7 sea snakes
  2 spriggan riders (Depths:4)
  9 deep elf archers
  3 glowing orange brains
  57 deep trolls
  A flayed ghost (Vaults:5)
  4 naga ritualists
  5 lindwurms (Vaults:1)
  8 phantasmal warriors
  14 harpies
  4 mana vipers
  5 necromancers
  11 wizards
  24 deep elf zephyrmancers
  12 manticores
  7 orc knights
  A faun (shapeshifter) (Depths:4)
  36 deep elf pyromancers
  2 oklob plants (Shoals:3)
  13 ironbound convokers
  22 salamanders
  26 fauns
  12 moths of wrath
  Maurice (D:11)
  4 cyclopes
  6 elephants (Lair:5)
  2 orc sorcerers (Orc:1)
  A moth of wrath (shapeshifter) (Vaults:2)
  42 ugly things
  6 merfolk sirens
  An apocalypse crab (D:13)
  25 black mambas
  A rust devil (Depths:2)
  17 vault sentinels
  2 gargoyles
  3 smoke demons
  15 naga magi
  A water nymph (Shoals:3)
  7 cane toads
  A torpor snail (Lair:5)
  5 rime drakes (Lair:5)
  3 kobold demonologists (D:12)
  23 yaktaurs
  10 komodo dragons
  3 tengu conjurers
  4 freezing wraiths
  4 ice devils (Lair:5)
  A merfolk (shapeshifter) (Vaults:4)
  11 trolls
  2 red devils
  3 hornets
  7 polar bears
  5 wind drakes
  10 merfolk
  A meliai (shapeshifter) (Depths:4)
  A tarantella (Vaults:5)
  A tyrant leech (Gauntlet)
  A wolf spider simulacrum (D:15)
  10 blink frogs
  5 snapping turtles
  8 dream sheep
  2 centaur simulacra (D:10)
  A snapping turtle (shapeshifter) (Vaults:4)
  2 shadows (D:11)
  Sigmund (D:4)
  3 air elementals
  16 water elementals
  22 slime creatures
  A yak (shapeshifter) (D:15)
  A ynoxinul (Gauntlet)
  2 spriggans (Depths:4)
  A spriggan (shapeshifter) (D:13)
  3 wraiths
  6 wyverns
  27 yaks
  3 vampires
  7 fire elementals
  A chaos spawn (Depths:2)
  A human (Lair:2)
  An unseen horror simulacrum (D:8)
  A fire bat (shapeshifter) (Vaults:5)
  2 steam dragons
  A neqoxec (Depths:2)
  7 hogs (Snake:1)
  Grum (D:9)
  16 vampire mosquitoes
  4 basilisks
  5 wargs
  4 swamp worms (Gauntlet)
  4 redbacks
  Menkaure (D:5)
  43 nagas
  An acid dragon (D:11)
  5 hell hounds
  12 water moccasins
  4 ice beasts
  A sky beast (D:8)
  2 black bears
  15 orc warriors
  14 wolves
  48 ogres
  2 centaurs
  3 kobold brigands
  3 gnoll sergeants
  9 bullfrogs
  An earth elemental (Elf:3)
  3 scorpions
  10 wights
  A hornet simulacrum (D:8)
  22 killer bees
  4 howler monkeys
  8 electric eels
  A lava snake (D:7)
  8 hounds
  7 orc priests
  3 iron imps (Gauntlet)
  Ijyb (D:3)
  3 iguanas
  19 orc wizards
  5 adders
  20 gnolls
  3 shadow imps
  6 white imps
  4 ufetubi
  A worm (D:3)
  3 dart slugs
  63 orcs
  4 ball pythons
  2 bats
  3 endoplasms (D:3)
  2 giant cockroaches (D:1)
  9 goblins
  7 hobgoblins
  5 jackals
  13 kobolds
  5 quokkas
  2 frilled lizards (D:1)
  9 rats
  3 spectral weapons
  4 tentacles (Shoals:3)
1804 creatures vanquished.

Vanquished Creatures (collateral kills)
  A golden dragon (Vaults:5)
  A tengu reaver (Vaults:5)
  An ironbound preserver (Vaults:5)
  3 very ugly things (Vaults:5)
  A deep elf high priest (Vaults:5)
  A vault guard (Vaults:5)
  A satyr (Shoals:4)
  A deep elf pyromancer (Vaults:5)
10 creatures vanquished.

Vanquished Creatures (others)
  A red draconian (Zot:1)
  An entropy weaver (D:13)
  A deep elf knight (Elf:3)
  A wizard (Vaults:3)
  A yaktaur (Vaults:3)
  A naga (Snake:4)
  4 tentacles (Shoals:3)
10 creatures vanquished.

Grand Total: 1824 creatures vanquished

Notes
Turn   | Place    | Note
-------+----------+-------------------------------------------
     0 | D:1      | SPRINGBREAK the Minotaur Berserker began the quest for the
                  | Orb.
     0 | D:1      | Reached XP level 1. HP: 19/19 MP: 0/0
    70 | D:1      | Reached skill level 4 in Axes
   140 | D:1      | Reached XP level 2. HP: 25/27 MP: 1/1
   461 | D:1      | Reached XP level 3. HP: 30/33 MP: 2/2
   505 | D:1      | Reached ** piety under Trog
  1700 | D:3      | Found Ulin's Book Shoppe.
  1755 | D:3      | Reached XP level 4. HP: 29/40 MP: 3/3
  1840 | D:3      | Noticed Ijyb
  1847 | D:3      | Killed Ijyb
  1848 | D:3      | Reached skill level 5 in Axes
  1871 | D:3      | Reached XP level 5. HP: 21/47 MP: 4/4
  2155 | D:3      | Found a faded altar of an unknown god.
  2500 | D:4      | Noticed Sigmund
  2505 | D:4      | Killed Sigmund
  2506 | D:4      | Reached XP level 6. HP: 51/55 MP: 5/5
  2760 | D:4      | Reached skill level 5 in Armour
  2800 | D:4      | Reached skill level 6 in Axes
  2915 | D:4      | Reached skill level 5 in Fighting
  3032 | D:4      | Reached *** piety under Trog
  3136 | D:4      | Found a burning altar of Makhleb.
  3213 | D:4      | Reached XP level 7. HP: 61/61 MP: 6/6
  3447 | D:5      | Entered Level 5 of the Dungeon
  3710 | D:5      | Found a broken altar of Ashenzari.
  3759 | D:5      | Found a sacrificial altar of Ru.
  3849 | D:5      | Noticed Menkaure
  3853 | D:5      | Killed Menkaure
  3854 | D:5      | Reached skill level 7 in Axes
  4628 | D:6      | Reached XP level 8. HP: 70/70 MP: 7/7
  4743 | D:6      | Reached skill level 8 in Axes
  4754 | D:6      | Reached skill level 1 in Evocations
  4759 | D:6      | Reached **** piety under Trog
  4764 | D:6      | Reached skill level 5 in Dodging
  5039 | D:6      | Found a snail-covered altar of Cheibriados.
  5071 | D:6      | Found a staircase to the Ecumenical Temple.
  5223 | D:7      | Reached XP level 9. HP: 66/78 MP: 8/8
  5262 | D:7      | Found a radiant altar of Vehumet.
  5382 | D:7      | Found a white marble altar of Elyvilon.
  5398 | D:7      | Reached skill level 9 in Axes
  5512 | D:7      | Found a blossoming altar of Fedhas.
  5991 | D:8      | Reached ***** piety under Trog
  5992 | D:8      | Noticed a troll
  6000 | D:8      | Killed a troll
  6333 | D:8      | HP: 1/121 [hornet simulacrum (16)]
  6893 | D:8      | Noticed a polar bear
  6943 | D:8      | Killed a polar bear
  7161 | D:8      | Reached skill level 10 in Axes
  7185 | D:8      | Reached XP level 10. HP: 76/88 MP: 9/9
  7672 | D:8      | Received a gift from Trog
  7768 | D:8      | Found a staircase to the Lair.
  8308 | D:8      | Reached skill level 10 in Armour
  8316 | D:8      | Identified a scroll of acquirement
  8316 | D:8      | Acquired a manual of Dodging
  8678 | D:9      | Noticed a two-headed ogre
  8678 | D:9      | Found a staircase to the Orcish Mines.
  8686 | D:8      | Killed a two-headed ogre
  9032 | D:9      | Noticed Grum
  9040 | D:9      | Reached skill level 11 in Axes
  9042 | D:9      | Killed Grum
  9101 | D:9      | Found Xiohaod's Overcharged Wands.
  9196 | D:9      | Paralysed by a hornet for 1 turns
  9394 | D:10     | Entered Level 10 of the Dungeon
  9415 | D:10     | Found a bloodstained altar of Trog.
  9447 | D:10     | Found a hide-covered altar of Uskayaw.
  9552 | D:10     | Found a runed translucent gate.
  9552 | D:10     | Found a runed translucent gate.
  9552 | D:10     | Found a runed translucent gate.
  9644 | D:10     | Noticed gohan83's ghost (journeyman MiBe)
  9997 | D:10     | Reached XP level 11. HP: 99/99 MP: 10/10
 10069 | D:10     | Killed gohan83's ghost
 10070 | D:10     | Reached skill level 10 in Fighting
 10612 | D:11     | Reached skill level 10 in Dodging
 10925 | D:11     | Noticed a boulder beetle
 10936 | D:11     | Killed a boulder beetle
 11049 | D:11     | Noticed Maurice
 11108 | D:11     | Killed Maurice
 11663 | Lair:1   | Entered Level 1 of the Lair of Beasts
 11689 | Lair:1   | Reached skill level 12 in Axes
 12273 | Lair:1   | Found a snail-covered altar of Cheibriados.
 12304 | Lair:1   | Noticed Urug
 12317 | Lair:1   | Killed Urug
 12318 | Lair:1   | Reached skill level 5 in Evocations
 12389 | Lair:1   | Noticed a five-headed hydra
 12408 | Lair:1   | Killed a five-headed hydra
 12560 | Lair:1   | Noticed a skyshark
 12561 | Lair:1   | Noticed a four-headed hydra
 12565 | Lair:1   | Noticed a catoblepas
 12570 | Lair:1   | Reached XP level 12. HP: 53/110 MP: 11/11
 13202 | Lair:1   | Killed a catoblepas
 13215 | Lair:1   | Killed a four-headed hydra
 13446 | Lair:1   | Identified the ring "Ycigack" {MP+9 Dex+3}
 13560 | Lair:2   | Noticed Harold
 13578 | Lair:1   | Killed Harold
 13578 | Lair:1   | Received a gift from Trog
 13919 | Lair:2   | Reached skill level 13 in Axes
 14001 | Lair:2   | Found a staircase to the Shoals.
 14056 | Lair:2   | Noticed Sonja
 14066 | Lair:2   | Killed Sonja
 14211 | Lair:2   | Noticed Nergalle
 14217 | Lair:2   | Killed Nergalle
 14746 | Lair:2   | Noticed a death yak
 14747 | Lair:2   | Noticed a death yak
 14747 | Lair:2   | Noticed a death yak
 14747 | Lair:2   | Noticed a death yak
 14748 | Lair:2   | Noticed a death yak
 14748 | Lair:2   | Noticed a death yak
 14752 | Lair:2   | Killed a death yak
 14763 | Lair:2   | Killed a death yak
 14765 | Lair:2   | Killed a death yak
 14768 | Lair:2   | Killed a death yak
 14771 | Lair:2   | Killed a death yak
 14772 | Lair:2   | Reached XP level 13. HP: 44/119 MP: 12/12
 15230 | Lair:2   | Found a runed translucent door.
 15231 | Lair:2   | Noticed Rupert
 15539 | Lair:3   | Identified the +0 ring mail "Qedoewaj" {Contam rCorr Str+10
                  | Dex-4}
 15933 | Lair:3   | Found a staircase to the Snake Pit.
 16305 | Lair:3   | Reached skill level 14 in Axes
 17424 | Lair:4   | Found the +8 demon blade "Leech" {evervamp, Harm Drain rN+}
 17429 | Lair:4   | Identified the +9 executioner's axe of Puqoont {heavy,
                  | rPois rN+++ Dex-4} (Trog gifted it to you on level 4 of the
                  | Lair of Beasts)
 17429 | Lair:4   | Received a gift from Trog
 17500 | Lair:4   | Noticed Nessos
 17513 | Lair:4   | Killed Nessos
 18453 | Lair:5   | Entered Level 5 of the Lair of Beasts
 18529 | Lair:5   | Found a viscous altar of Jiyva.
 18529 | Lair:5   | Found a staircase to the Slime Pits.
 18550 | Lair:5   | Found a gate leading to a gauntlet.
 18558 | Lair:5   | Reached skill level 15 in Dodging
 18610 | Gauntlet | Entered a Gauntlet
 18610 | Gauntlet | Found a transporter.
 18671 | Gauntlet | Found a transporter.
 18673 | Gauntlet | Found a transporter.
 18687 | Gauntlet | Found a transporter.
 18691 | Gauntlet | Noticed a blizzard demon
 18703 | Gauntlet | Found a transporter.
 18709 | Gauntlet | Found a runed translucent door.
 18711 | Gauntlet | Found a transporter.
 18722 | Gauntlet | Found a transporter.
 18734 | Gauntlet | Found a transporter.
 18739 | Gauntlet | Found a transporter.
 18761 | Gauntlet | Found a runed translucent door.
 18769 | Gauntlet | Found a transporter.
 18769 | Gauntlet | Found a transporter.
 18770 | Gauntlet | Found a runed translucent door.
 18813 | Gauntlet | Found a runed translucent door.
 18819 | Gauntlet | Found a transporter.
 18822 | Gauntlet | Found a transporter.
 18860 | Gauntlet | Found a transporter.
 19218 | Gauntlet | Identified the +3 falchion of Xiez {drain, rC- Will++}
 19220 | Gauntlet | Identified the ring of Wocvemp {rPois rF+ Str+6}
 19233 | Gauntlet | Identified the +8 arbalest "Keaxt" {drain, Will+ Str+2}
 19233 | Gauntlet | Noticed a minotaur
 19248 | Gauntlet | Killed a minotaur
 19284 | Gauntlet | Identified the +0 robe of the Enchanted Forest {rF- Will+
                  | Int+3}
 20246 | Lair:5   | Reached skill level 15 in Axes
 20246 | Lair:5   | Reached XP level 14. HP: 114/132 MP: 13/13
 20320 | Lair:5   | Found a burning altar of Makhleb.
 20326 | Lair:5   | Received a gift from Trog
 20580 | Lair:5   | Found a gateway to Hell.
 21139 | Lair:5   | Reached skill level 15 in Armour
 21860 | D:12     | Reached skill level 1 in Shields
 22081 | D:12     | Received a gift from Trog
 22091 | D:12     | Found an ornate altar of the Wu Jian Council.
 22881 | D:13     | Found a runed translucent door.
 22990 | D:13     | Found a gate to the Vaults.
 23207 | D:13     | Found Tuluoxt's General Store.
 23210 | D:13     | Bought a +2 pair of boots of flying for 279 gold pieces
 23210 | D:13     | Bought a potion of curing for 39 gold pieces
 23210 | D:13     | Bought a scroll of teleportation for 39 gold pieces
 24022 | D:13     | Reached skill level 15 in Fighting
 24730 | D:13     | Reached skill level 16 in Axes
 24730 | D:13     | Found the +11 Singing Sword {sonic wave}
 24730 | D:13     | Found the +6 Majin-Bo {spellvamp, MP+6 Int+6}
 25067 | D:14     | Noticed Lodul
 25086 | D:14     | Killed Lodul
 25335 | D:14     | Reached XP level 15. HP: 122/141 MP: 14/14
 25442 | D:14     | Received a gift from Trog
 25857 | D:14     | Noticed Agnes
 25870 | D:14     | Killed Agnes
 26396 | D:14     | Noticed Erolcha
 26407 | D:14     | Killed Erolcha
 26591 | D:15     | Entered Level 15 of the Dungeon
 26615 | D:15     | Found a portal to a secret trove of treasure.
 26871 | D:15     | Received a gift from Trog
 27600 | D:15     | Found a staircase to the Depths.
 27696 | D:15     | Paralysed by a great orb of eyes for 3 turns
 27875 | D:15     | Found an opulent altar of Gozag.
 28752 | Orc:1    | Entered Level 1 of the Orcish Mines
 28778 | Orc:1    | Noticed Fannar
 28793 | Orc:1    | Killed Fannar
 29168 | Orc:2    | Entered Level 2 of the Orcish Mines
 29170 | Orc:2    | Found a staircase to the Elven Halls.
 29277 | Orc:2    | Found Litigay's General Store.
 29283 | Orc:2    | Found Livay's Specific Store.
 29295 | Orc:2    | Bought a potion of heal wounds for 80 gold pieces
 29295 | Orc:2    | Bought a potion of flight for 48 gold pieces
 29539 | Orc:2    | Reached ****** piety under Trog
 29540 | Orc:2    | Reached skill level 17 in Axes
 30125 | Orc:2    | Received a gift from Trog
 30174 | Orc:2    | Noticed MrPagan1517's ghost (journeyman HOFi)
 30176 | Orc:2    | Found a runed translucent gate.
 30176 | Orc:2    | Found a runed translucent gate.
 30177 | Orc:2    | Found a runed translucent gate.
 30221 | Orc:2    | Found Tatecw's Antique Armour Boutique.
 30221 | Orc:2    | Found Upriacao's Distillery.
 30234 | Orc:2    | Found Koirup's Armour Emporium.
 30234 | Orc:2    | Found Yclit's Jewellery Boutique.
 30456 | Orc:2    | Bought a potion of flight for 45 gold pieces
 30456 | Orc:2    | Bought a potion of curing for 45 gold pieces
 30456 | Orc:2    | Bought a potion of haste for 150 gold pieces
 30456 | Orc:2    | Bought a potion of haste for 150 gold pieces
 30456 | Orc:2    | Bought a potion of resistance for 150 gold pieces
 30456 | Orc:2    | Bought a potion of might for 60 gold pieces
 30714 | Orc:2    | Reached XP level 16. HP: 121/147 MP: 15/15
 30735 | Orc:2    | Killed MrPagan1517's ghost
 31817 | Snake:1  | Entered Level 1 of the Snake Pit
 31817 | Snake:1  | Noticed Jorgrun
 31828 | Snake:1  | Killed Jorgrun
 31967 | Snake:1  | Reached skill level 1 in Stealth
 32194 | Snake:1  | Received a gift from Trog
 32921 | Snake:1  | Noticed Aizul
 33106 | Lair:3   | Killed Aizul
 33952 | Snake:1  | Noticed Louise
 33964 | Snake:1  | Killed Louise
 34757 | Snake:1  | Noticed Kirke
 34770 | Snake:1  | Killed Kirke
 35001 | Snake:1  | Found Lyguj's Jewellery Emporium.
 35001 | Snake:1  | Found Qoyt Ele's Book Boutique.
 35002 | Snake:1  | Found Situzov's Jewellery Emporium.
 35012 | Snake:1  | Bought the amulet "Sacs" {rF+ Regen+} for 528 gold pieces
 35705 | Snake:1  | Found Lyguj's Jewellery Emporium.
 35705 | Snake:1  | Found Qoyt Ele's Book Boutique.
 35706 | Snake:1  | Found Situzov's Jewellery Emporium.
 36492 | Snake:2  | Reached skill level 18 in Axes
 37407 | Snake:3  | Identified the +2 pair of gloves of Ybocrac {Will+++}
 38716 | Snake:4  | Entered Level 4 of the Snake Pit
 38725 | Snake:4  | Reached XP level 17. HP: 140/162 MP: 16/16
 38809 | Snake:4  | Identified the +3 battleaxe of Douda {heavy, Fragile rC+
                  | Str+3 Stlth+} (Trog gifted it to you on level 4 of the
                  | Snake Pit)
 38809 | Snake:4  | Received a gift from Trog
 39041 | Snake:4  | Reached skill level 5 in Stealth
 40963 | Snake:4  | Got a serpentine rune of Zot
 41191 | Shoals:1 | Entered Level 1 of the Shoals
 41525 | Shoals:1 | Reached skill level 19 in Axes
 42117 | Shoals:2 | Noticed Frances
 42117 | Shoals:2 | Found the ring of the Hare {EV+10}
 42219 | Shoals:2 | Identified the +10 battleaxe of Ynoghuup {heavy, Contam
                  | rElec Will+++ Stlth+} (Trog gifted it to you on level 2 of
                  | the Shoals)
 42219 | Shoals:2 | Received a gift from Trog
 42220 | Shoals:2 | Reached skill level 10 in Evocations
 42469 | Shoals:2 | Killed Frances
 42480 | Shoals:2 | Identified the +0 plate armour "Niterchie" {Harm}
 42683 | Shoals:2 | Noticed Polyphemus
 42698 | Shoals:2 | Killed Polyphemus
 42959 | Shoals:2 | Found Imixuriy's Jewellery Shop.
 43073 | Shoals:2 | Identified the ring "Leklal" {rPois EV+5 Dex+4 Slay-6 SInv}
 43800 | Shoals:3 | Reached XP level 18. HP: 162/172 MP: 17/17
 44172 | Shoals:3 | Received a gift from Trog
 44594 | Shoals:4 | Entered Level 4 of the Shoals
 44752 | Shoals:4 | Identified the +3 longbow of Karma {freeze, rN+}
 44773 | Shoals:4 | Reached skill level 20 in Axes
 44999 | Shoals:4 | Received a gift from Trog
 45129 | Shoals:4 | Got a barnacled rune of Zot
 45147 | Shoals:4 | Found the +18 shield of the Gong {Loud rN+ Will+ rCorr
                  | EV-5}
 45675 | Vaults:1 | Entered Level 1 of the Vaults
 45745 | Vaults:1 | Found a flickering gateway to a bazaar.
 45757 | Bazaar   | Entered a bazaar
 45757 | Bazaar   | Found Pitecket's Book Shoppe.
 45760 | Bazaar   | Found Puetola's General Store.
 45784 | Bazaar   | Found Omicsase's Armour Shop.
 45790 | Bazaar   | Found Citet's Antique Armour Shop.
 45794 | Bazaar   | Bought a +2 cloak for 198 gold pieces
 45811 | Bazaar   | Found Wilio's Armour Shoppe.
 45978 | Vaults:1 | Noticed Saint Roka
 45995 | Vaults:1 | Killed Saint Roka
 46370 | Vaults:1 | Received a gift from Trog
 46552 | Vaults:1 | Reached XP level 19. HP: 183/183 MP: 18/18
 47143 | Vaults:2 | Identified the +2 shortbow of Eternal Vigilance {heavy,
                  | Str+3}
 47276 | Vaults:2 | Received a gift from Trog
 47280 | Vaults:2 | Reached skill level 10 in Stealth
 47390 | Vaults:2 | Reached skill level 21 in Axes
 47822 | Vaults:2 | Found Qanwoth's Book Shoppe.
 47878 | Vaults:2 | Found Iti Loo's Distillery.
 47883 | Vaults:2 | Bought a potion of heal wounds for 110 gold pieces
 47883 | Vaults:2 | Bought a potion of resistance for 220 gold pieces
 47883 | Vaults:2 | Bought a potion of attraction for 66 gold pieces
 47883 | Vaults:2 | Bought a potion of flight for 66 gold pieces
 47883 | Vaults:2 | Bought a potion of magic for 176 gold pieces
 47883 | Vaults:2 | Bought a potion of curing for 66 gold pieces
 48033 | Vaults:2 | Found Yqawko's Armour Emporium.
 48052 | Vaults:2 | Bought the +3 pair of mountain boots {steadfast, rC+} for
                  | 469 gold pieces
 48052 | Vaults:2 | Found the +3 pair of mountain boots {steadfast, rC+}
 48084 | Vaults:2 | Identified the +10 spear of Kune {holy, Fly Will- Stlth+}
 48577 | Vaults:3 | Received a gift from Trog
 48729 | Vaults:3 | Found the +2 shield of Resistance {rF++ rC++ Will++}
 48820 | Vaults:3 | Found a staircase to the Crypt.
 49080 | Vaults:3 | Reached XP level 20. HP: 193/193 MP: 19/19
 49894 | Vaults:4 | Noticed Xtahua
 49901 | Vaults:4 | Killed Xtahua
 50004 | Vaults:4 | Received a gift from Trog
 50391 | Vaults:4 | Found Deatut's General Store.
 50397 | Vaults:4 | Bought a scroll of teleportation for 69 gold pieces
 50397 | Vaults:4 | Bought a potion of heal wounds for 115 gold pieces
 50397 | Vaults:4 | Bought 3 scrolls of identify for 138 gold pieces
 51090 | Depths:1 | Entered Level 1 of the Depths
 51145 | Depths:1 | Found a shimmering altar of Xom.
 51187 | Depths:1 | Found a transporter.
 51189 | Depths:1 | Found a transporter.
 51193 | Depths:1 | Found a transporter.
 51195 | Depths:1 | Found a transporter.
 51653 | Depths:2 | Identified the +9 battleaxe "Vamal" {flame, Fly Dex+3}
                  | (Trog gifted it to you on level 2 of the Depths)
 51653 | Depths:2 | Received a gift from Trog
 51767 | Depths:2 | Gained mutation: Your magical capacity is low. (-10% MP) [a
                  | neqoxec]
 51783 | Depths:2 | Found a one-way gate leading to the halls of Pandemonium.
 51811 | Depths:2 | Reached skill level 22 in Axes
 52801 | Depths:2 | Found a one-way gate to the infinite horrors of the Abyss.
 53102 | Depths:2 | Reached XP level 21. HP: 181/204 MP: 17/17
 53482 | Depths:3 | Received a gift from Trog
 53482 | Depths:3 | Found the +16 obsidian axe {drain, demonic, Mesm Drain Fly
                  | SInv}
 53859 | Depths:3 | Noticed a golden dragon
 53963 | Depths:3 | Found a one-way gateway to a ziggurat.
 54508 | Depths:4 | Entered Level 4 of the Depths
 54508 | Depths:4 | Noticed Jory
 54516 | Depths:4 | Killed Jory
 54530 | Depths:4 | Noticed a juggernaut
 54560 | Depths:4 | Noticed a golden dragon
 54573 | Depths:4 | Killed a golden dragon
 54681 | Depths:4 | Received a gift from Trog
 54742 | Depths:4 | Found a gate to the Realm of Zot.
 54742 | Depths:4 | Identified the +1 robe of Valiance {rPois rC+ rN+++ Str-4}
 54742 | Depths:4 | Noticed a golden dragon
 54749 | Depths:4 | Killed a golden dragon
 54764 | Depths:4 | Noticed the Enchantress
 55047 | Depths:4 | Noticed Sojobo
 55054 | Depths:4 | Paralysed by an air elemental for 1 turns
 55085 | Depths:4 | Killed the Enchantress
 55135 | Depths:4 | Received a gift from Trog
 55143 | Depths:4 | Killed Sojobo
 55333 | Depths:4 | Reached skill level 23 in Axes
 56226 | Vaults:5 | Entered Level 5 of the Vaults
 56237 | Vaults:4 | Reached XP level 22. HP: 111/215 MP: 18/18
 56616 | Vaults:4 | Identified the +11 battleaxe of the Ancient Quests {heavy,
                  | rC+} (Trog gifted it to you on level 4 of the Vaults)
 56616 | Vaults:4 | Received a gift from Trog
 58393 | Vaults:5 | Received a gift from Trog
 58394 | Vaults:5 | Identified the +0 robe "Poxetsim" {Int+4}
 58394 | Vaults:5 | Identified the ring of the Nightingale {+Blink Int+3 Dex+6
                  | Stlth-}
 58445 | Vaults:5 | Identified the ring of Helux {Will+ Int+2 Stlth+}
 58839 | Vaults:5 | Identified the +7 rapier of Precise Incision {heavy, Str+3}
 58882 | Vaults:5 | Noticed a golden dragon
 58896 | Vaults:5 | Noticed a dread lich
 59072 | Vaults:5 | Noticed a dread lich
 59084 | Vaults:5 | Killed a dread lich
 59092 | Vaults:5 | HP: 4/217 [titan/the air (34)]
 59102 | Vaults:5 | HP: 5/217 [yaktaur captain/bolt (30)]
 59118 | Vaults:5 | Noticed an ancient lich
 59131 | Vaults:5 | Received a gift from Trog
 59159 | Vaults:5 | Killed a golden dragon
 59256 | Vaults:5 | Gained mutation: Your magical capacity is very low. (-20%
                  | MP) [mutagenic glow]
 59662 | Vaults:5 | Identified the +10 longbow "Pylluimp" {flame, Dex+2}
 59741 | Vaults:5 | Killed a dread lich
 59742 | Vaults:5 | Reached skill level 24 in Axes
 59742 | Vaults:5 | Reached XP level 23. HP: 199/225 MP: 17/17
 59846 | Vaults:5 | Found the +8 whip "Snakebite" {venom, curare, rPois}
 59886 | Vaults:5 | Killed an ancient lich
 59972 | Vaults:5 | Identified the +1 arbalest "Impbane" {drain, rN+ Will+
                  | Dex+3 SInv}
 60145 | Vaults:5 | Identified the staff of air "Paesemuipi" {Fragile rElec
                  | rPois Str+2}
 60146 | Vaults:5 | Identified the ring of the Reasonable God {Will++ Str+6
                  | Int-3}
 60211 | Vaults:5 | Got a silver rune of Zot
 60265 | Vaults:5 | Acquired 850 gold pieces
 60766 | Zot:1    | Entered Level 1 of the Realm of Zot
 61096 | Elf:1    | Entered Level 1 of the Elven Halls
 61122 | Elf:1    | Noticed Asterion
 61130 | Elf:1    | Killed Asterion
 61345 | Elf:1    | Paralysed by an air elemental for 1 turns
 61395 | Elf:1    | Received a gift from Trog
 61400 | Elf:1    | Noticed Azrael
 61406 | Elf:1    | Killed Azrael
 61741 | Elf:1    | Found Zangorie's Antique Armour Shoppe.
 61823 | Elf:1    | Noticed Zenata
 61835 | Elf:1    | Killed Zenata
 62071 | Elf:1    | Paralysed by an air elemental for 1 turns
 62211 | Elf:2    | Found a runed translucent gate.
 62211 | Elf:2    | Found a runed translucent gate.
 62212 | Elf:2    | Found a runed translucent gate.
 62213 | Elf:2    | Found an iron altar of Okawaru.
 62213 | Elf:2    | Noticed Loveship's ghost (adept MfFi)
 62297 | Elf:2    | Noticed Roxanne
 62309 | Elf:2    | Killed Roxanne
 62496 | Elf:2    | Found a huge runed translucent gate.
 62498 | Elf:2    | Found a huge runed translucent gate.
 62498 | Elf:2    | Found a huge runed translucent gate.
 62500 | Elf:2    | Found a huge runed translucent gate.
 62500 | Elf:2    | Found a huge runed translucent gate.
 62947 | Elf:2    | Received a gift from Trog
 63143 | Elf:2    | Killed Loveship's ghost
 63151 | Elf:2    | Reached skill level 25 in Axes
 63219 | Elf:2    | Identified the +2 leather armour of the Lily {rPois rN+}
 63220 | Elf:2    | Identified the staff of death "Nesymof" {rPois rN+ Int+4}
 63268 | Elf:3    | Entered Level 3 of the Elven Halls
 63619 | Elf:3    | Received a gift from Trog
 64183 | Elf:3    | Identified the +3 morningstar of the Lesser Evil {pain, rN+
                  | Int+5}
 64213 | Elf:3    | Identified the ring "Tutohiux" {rC+ Str+2 Int+6}
 64214 | Elf:3    | Identified the +3 hand axe of the Warrior-Mage {speed,
                  | Fragile Str+5}
 64275 | Elf:3    | Identified the +7 war axe of a treasure trove {freeze, rN+}
 64508 | Elf:3    | Identified the +10 hand axe of the Tent {heavy, Fly rC-
                  | Str+3 Dex+2} (Trog gifted it to you on level 3 of the Elven
                  | Halls)
 64508 | Elf:3    | Received a gift from Trog
 64536 | Elf:3    | Paralysed by an air elemental for 1 turns
 65041 | Depths:3 | Noticed a juggernaut
 65184 | Zot:1    | Reached XP level 24. HP: 110/237 MP: 0/17
 65519 | Zot:1    | Noticed Vv
 65533 | Zot:1    | Killed Vv
 65634 | Zot:1    | Reached skill level 26 in Axes
 65814 | Zot:1    | Identified the +2 battleaxe of Foquiwih {flame, rF+ rCorr
                  | Dex-4 Stlth+} (Trog gifted it to you on level 1 of the
                  | Realm of Zot)
 65814 | Zot:1    | Received a gift from Trog
 66534 | Zot:1    | Found a shimmering altar of Xom.
 67409 | Zot:2    | Noticed a Killer Klown
 67413 | Zot:2    | Noticed a Killer Klown
 67666 | Zot:2    | Noticed a dread lich
 67677 | Zot:2    | HP: 13/357 [red draconian/+0 halberd[a black draconian
                  | knight] (16)]
 67678 | Zot:2    | Slain by a tentacled monstrosity

Illustrated notes

Levels and vault maps discovered:
D:1:      ncdulo_wetmaze, layout_basic
D:2:      layout_loops_ring
D:3:      minmay_recursive_quarters, layout_loops_ring,
          dreamdust_ecumenical_altar_grove, serial_shops, shop,
          grunt_decor_fettered, supply_closet_lemuel, minmay_starry_boxes,
          uniq_ijyb
D:4:      layout_basic, bloody_makhleb, uniq_sigmund
D:5:      layout_basic, nicolae_ru_path_of_blood, mainiacjoe_overflow_alcove_1,
          uniq_menkaure
D:6:      layout_gridville, chei_slow_surprise, minmay_temple_entry_proselytizer
D:7:      layout_loops_ring, mainiacjoe_overflow_alcove_2, elyvilon_altar_3,
          fedhas_altar_2, kennysheep_potato
D:8:      layout_basic, erik_lair_island, serial_ice, serial_ice_a,
          serial_ice_e, serial_ice_k, serial_ice_h
D:9:      layout_cave_pools, nicolae_shop_overcharged_wands, uniq_grum
D:10:     layout_roguey, nicolae_overflow_crystal_walls,
          eat_drink_and_be_merry_uskayaw, gammafunk_ghost_icy
D:11:     layout_roguey, serial_curves, eino_curves_04, eino_curves_01,
          uniq_maurice
D:12:     layout_rooms, pdpol_wu_jian_five_deadly_venoms
D:13:     gammafunk_mikee_crab_dinner, layout_loops_ring, david_vaults_1,
          serial_shops, kennysheep_mini
D:14:     lemuel_ogre_cave, layout_rooms, minivault_24, drop_trap, uniq_lodul,
          uniq_agnes
D:15:     gammafunk_enter_depths_forms, layout_loops_ring,
          nicolae_trove_entry_columns, nicolae_gozag_seed_capital, minivault_14
Lair:1:   layout_concentric_octagons, basic_altar, nzn_random_ring,
          serial_bayou_shore_b, grunt_megastairs_1, serial_bayou_shore_a,
          uniq_urug
Lair:2:   layout_regular_city, minmay_shoals_entry_lonely_mermaid,
          pdpol_lair_cabin_in_the_woods, uniq_harold, uniq_nergalle, uniq_sonja
Lair:3:   layout_chaotic_city, nicolae_snake_entry_squirm, grunt_megastairs_5
Lair:4:   layout_cave_pods, dreamdust_deal_with_the_devil, serial_bayou_shore_b,
          grunt_megastairs_4, uniq_nessos
Lair:5:   evil_forest, layout_cave_pods, slime_entry_1, gauntlet_entry_generic
Shoals:1: layout_shoals
Shoals:2: layout_shoals, serial_shops, shop, uniq_polyphemus, uniq_frances
Shoals:3: layout_shoals, nicolae_shoals_this_corrosion
Shoals:4: shoals_end_hellmonk_lost_city
Snake:1:  layout_grid_shapes, st_stairs_2, nicolae_snake_boneroom,
          minmay_shop_grove, uniq_kirke, uniq_louise, uniq_jorgrun, uniq_aizul
Snake:2:  layout_onion_interference
Snake:3:  layout_chambers, st_stairs_14
Snake:4:  minmay_snake_end_coiled, layout_onion, serial_bayou_shore_b,
          grunt_megastairs_3
Orc:1:    layout_caves, uniq_fannar
Orc:2:    st_orc_ogre_mass, layout_caves, gammafunk_ghost_split,
          nicolae_specific_store
Elf:1:    nicolae_elf_arrival_fired_up, layout_onion_city, serial_shops,
          nicolae_shop_advertising_works [nicolae_subvault_shop_adworks],
          minmay_elf_annihilation, uniq_azrael, uniq_zenata, uniq_asterion
Elf:2:    elven_hall_of_blades_hangedman_alternative
          [nicolae_blade_entry_diamond_columns], layout_rooms,
          gammafunk_ghost_fury_of_okawaru, fountainhead, uniq_roxanne
Elf:3:    minmay_elf_hall_x, layout_geoelf_diagonals, minivault_24,
          minmay_misc_feat_ornament, st_stairs_11, drop_trap
Vaults:1: hangedman_vaults_hat, v_alt_pattern_1, hangedman_vaults_nails,
          grunt_vaults_funnel, nicolae_vaults_two_Ls,
          nicolae_vaults_mini_display_case, nicolae_vaults_storage_room_statues,
          nicolae_vaults_house_2, grunt_vaults_diagonal, vaults_dpeg_ring,
          vaults_dpeg_hooks, vaults_room_pools, layout_vaults_omnibox,
          serial_shops, bzr_entry_islet, uniq_saint_roka
Vaults:2: nicolae_vaults_thirteen_compartments,
          nicolae_vaults_taking_the_gang_shopping,
          nicolae_vaults_closet_pinwheel_6, v_rooms_4, vaults_standard_mumra_x,
          layout_vaults_omnigrid, serial_shops, shop, nicolae_shop_behind_doors
Vaults:3: minmay_crypt_entry_nasty_monster, v_pattern_4, v_misc_14,
          hangedman_vaults_stagger, nicolae_vaults_six-pack,
          nicolae_vaults_sealed_display, vaults_dpeg_diagonal,
          hangedman_vaults_locks, nicolae_vaults_sightless_eye,
          nicolae_vaults_house_2, layout_vaults_chaotic_city
Vaults:4: nicolae_vaults_spaceships, hangedman_vaults_slice,
          nicolae_vaults_shrinking_rooms_2, nicolae_vaults_tangram_1,
          nicolae_vaults_ellipses_ellipsis, st_hourglassy,
          ontoclasm_vaults_shuriken, vaults_room_grunt_arrival_checkpoint,
          vaults_mumra_hexcomb, grunt_vaults_hallway_short,
          nicolae_vaults_theta, layout_vaults_ring, serial_shops, shop,
          uniq_xtahua
Vaults:5: serial_shops
Depths:1: layout_cave_pools, hangedman_coc_ice_floe, xom_teletrap_fun,
          drop_trap, hangedman_decor_riveting, minmay_misc_feat_x,
          nicolae_diode_quadrants
Depths:2: mu_elephants_graveyard, layout_gridville, hellmouth_3,
          rand_demon_pan_entry_4, nicolae_abyss_entry_one_way_or_another,
          hellmonk_scarab_ruin
Depths:3: evilmike_inaccessible_box, layout_gridlike, enter_ziggurat_d,
          hell_entry, abyss_entry, rand_demon_pan_entry_5, skrybe_limestone_x
Depths:4: grunt_zot_entry_tricorne, layout_cave_pools, hell_entry,
          nicolae_lava_and_water, minmay_misc_feat_diagonals,
          nicolae_fountain_basement, uniq_sojobo, uniq_enchantress, uniq_jory
Zot:1:    nicolae_zot_draconian_monastery, layout_basic, grunt_ministairs_11,
          uniq_vv
Zot:2:    ebering_klown_carousel, layout_twisted_circle, st_large_dragon_hoard_3

Skill      XL: |  1  2  3  4  5  6  7  8  9 10 11 12 13 14 15 16 17 18 19 20 21 22 23 24 |
---------------+-------------------------------------------------------------------------+-----
Axes           | 4 5 6 7 8 10 11 12 13 15 16 17 18 19 20 21 22 23 24 25 26 | 26.4
Fighting       | 4 5 6 8 9 11 12 14 15 16 17 18 19 20 21 22 23 24 | 24.2
Armour         | 3 4 5 6 8 9 10 12 13 14 15 17 18 19 20 21 22 23 24 | 24.6
Dodging        | 3 4 5 6 9 11 13 15 17 18 19 20 21 22 23 24 | 24.2
Evocations     | 1 3 4 5 6 7 8 9 10 11 12 13 14 | 14.0
Shields        | 3 |  3.0
Stealth        | 4 7 9 10 11 12 13 | 13.8

Action                     |  1- 3 |  4- 6 |  7- 9 | 10-12 | 13-15 | 16-18 | 19-21 | 22-24 || total
---------------------------+-------+-------+-------+-------+-------+-------+-------+-------++-------
  Melee: Hand axe          |    48 |       |       |       |       |       |       |       ||    48
         Headbutt          |     8 |     9 |    19 |    77 |   214 |   196 |   208 |   160 ||   891
         Demon trident     |    24 |    87 |   200 |   417 |       |       |       |       ||   728
         Punch             |       |     2 |       |     5 |     3 |       |       |       ||    10
         Unarmed           |       |       |       |     7 |       |       |       |       ||     7
         Battleaxe         |       |       |       |    70 |   317 |   304 |   804 |   243 ||  1738
         Broad axe         |       |       |       |       |   412 |       |       |       ||   412
         Executioner's axe |       |       |       |       |   175 |   660 |       |   545 ||  1380
 Invoke: Berserk           |       |       |     3 |     6 |     8 |    17 |     5 |     6 ||    45
         Trog's Hand       |       |       |       |       |     4 |     4 |     3 |     9 ||    20
         Brothers in Arms  |       |       |       |       |       |     1 |       |     2 ||     3
  Evoke: Wand              |       |       |       |    14 |     5 |     1 |     5 |    10 ||    35
         Phial of floods   |       |       |       |       |     1 |       |       |     1 ||     2
         Tin of tremorston |       |       |       |       |       |     3 |     2 |     2 ||     7
    Use: Scroll            |       |    11 |     1 |    13 |     5 |    12 |     5 |    16 ||    63
         Potion            |       |       |       |     1 |     1 |     5 |     4 |     3 ||    14
   Stab: Petrified         |       |       |       |     2 |     2 |     7 |       |       ||    11
         Paralysed         |       |       |       |     1 |       |       |       |       ||     1
         Petrifying        |       |       |       |       |       |     3 |       |       ||     3
         Distracted        |       |       |       |       |       |       |       |     1 ||     1
 Armour: Plate armour      |    46 |    30 |   109 |   247 |   554 |   595 |   335 |       ||  1916
         Animal skin       |     2 |       |       |       |       |       |       |       ||     2
         Skin              |       |       |       |     1 |       |       |       |       ||     1
         Gold dragon scale |       |       |       |       |       |       |    94 |   511 ||   605
  Dodge: Dodged            |    21 |    16 |    72 |   337 |   654 |   991 |   994 |   818 ||  3903
  Block: Kite shield       |       |       |       |       |    91 |       |       |       ||    91
